 Dungeon Crawl Stone Soup version 0.31.0-32-g396128a36d (webtiles) character file.

Game seed: 2107238799040754689

45 hawla the Firebug (level 3, -6/19 HPs)
             Began as a Deep Elf Fire Elementalist on Apr 15, 2024.
             Mangled by Robin
             ... wielding a +0 trident
              (9 damage)
             ... on level 2 of the Dungeon.
             The game lasted 00:02:43 (1144 turns).

hawla the Firebug (Deep Elf Fire Elementalist)      Turns: 1144, Time: 00:02:43

Health: -6/19      AC:  2    Str:  4 (5)  XL:     3   Next: 42%
Magic:  7/9        EV: 12    Int: 20 (21) God:
Gold:   38         SH:  0    Dex: 12 (15) Spells: 7/8 levels left

rFire   . . .        h - +2 dagger (holy)
rCold   . . .        c - orb {*channel}
rNeg    . . .        a - +0 robe
rPois   .            (no helmet)
rElec   .            (no cloak)
rCorr   .            (no gloves)
SInv    .            (no boots)
Will    .....        (no amulet)
Stlth   ++           (no ring)
HPRegen 0.23/turn    (no ring)
MPRegen 0.11/turn

%: channel magic (20%)
@: weak-willed, enlightened, flying
A: no striking features
a: no special abilities


You were on level 2 of the Dungeon.
You visited 1 branch of the dungeon, and saw 2 of its levels.

You collected 38 gold pieces.

Inventory:

Hand Weapons
 h - a +2 dagger of holy wrath (weapon)
Armour
 a - a +0 robe (worn)
 c - an orb of energy (worn)
Jewellery
 e - an amulet of magic regeneration
Potions
 b - a potion of magic


   Skills:
 - Level 2.4 Dodging
 - Level 2.4 Stealth
 - Level 3.0 Spellcasting
 - Level 1.1 Conjurations
 + Level 4.9 Fire Magic


You had 7 spell levels left.
You knew the following spells:

 Your Spells              Type           Power      Damage    Failure   Level
a - Foxfire               Conj/Fire      60%        2x1d7     13%         1

Your spell library contained the following spells:

 Spells                   Type           Power      Damage    Failure   Level
 Scorch                   Fire           44%        2d6       10%         2
 Inner Flame              Hex/Fire       12%        N/A       34%         3
 Volatile Blastmotes      Fire/Tloc      24%        2d12      34%         3
 Flame Wave               Conj/Fire      15%        2d7       61%         4


Dungeon Overview and Level Annotations

Branches:
Dungeon (2/15)

Altars:

Annotations:
D:2 Robin


Message History

A goblin comes into view. It is wielding a +0 dagger.
You hit the goblin.
You kill the goblin!
Robin roars a battlecry!
The goblin goes into a battle-frenzy!
Unknown command.
A hobgoblin comes into view.
Robin hits you from afar with a +0 trident!
Items here: ))) †††.
Casting: Foxfire (safe; 12% risk of failure)
Confirm with . or Enter, or press ? or * to list all spells.
You conjure some foxfire!
Robin throws the goblin at you!
Casting: Foxfire (safe; 12% risk of failure)
Confirm with . or Enter, or press ? or * to list all spells.
You don't know that spell.
Unknown command.
As you read the scroll labelled ZUEQAN LITYLI, it crumbles to dust.
A wave of despondency washes over your surroundings.
It was a scroll of vulnerability.
The foxfire hits Robin but does no damage.
The foxfire hits the goblin.
You kill the goblin!
Robin hits you from afar with a +0 trident.
Robin hits you with a +0 trident.
* * * LOW HITPOINT WARNING * * *
Things that are here:
a +0 club; a +0 robe; a goblin corpse It was a potion of enlightenment.
You feel very buoyant.
You fly up into the air.
Robin misses you.
It was a potion of degeneration.
There was something very wrong with that liquid.
You feel weakened.
You feel dopey.
You feel clumsy. Robin hits you but does no damage.
Okay, then.
You hit Robin.
Robin is lightly wounded.
Robin hits you with a +0 trident!
You die...
Robin calls out, "Let's celebrate!
Time for a feast!"

#.######
#.............
#.#
#############.
#.# #. #.###
#. #...# #.
###.# #. #)###
## #..)####
###)@gg#
####.# #


You could see Robin (weak-willed) and a hobgoblin (strong, weak-willed).

Vanquished Creatures
  3 bats
  7 endoplasms
  3 giant cockroaches
  9 goblins
  2 hobgoblins
  3 jackals (D:1)
  A quokka (D:2)
  5 ball pythons (D:1)
  2 frilled lizards
  A kobold (D:2)
36 creatures vanquished.

Vanquished Creatures (others)
  102 foxfires
102 creatures vanquished.

Grand Total: 138 creatures vanquished

Notes
Turn   | Place    | Note
-------+----------+-------------------------------------------
     0 | D:1      | hawla the Deep Elf Fire Elementalist began the quest for
                  | the Orb.
     0 | D:1      | Reached XP level 1. HP: 10/10 MP: 6/6
   275 | D:1      | Reached XP level 2. HP: 8/15 MP: 4/8
   353 | D:1      | Reached skill level 4 in Fire Magic
   578 | D:1      | Found a faded altar of an unknown god.
   890 | D:2      | Reached XP level 3. HP: 19/19 MP: 7/9
  1132 | D:2      | Noticed Robin
  1144 | D:2      | Mangled by Robin

Illustrated notes

Levels and vault maps discovered:
D:1:      matt_arrival_los_fun, layout_rooms,
          dreamdust_ecumenical_altar_angels_and_demons
D:2:      layout_basic, uniq_robin

Skill      XL: |  1  2 |
---------------+-------+-----
Fire Magic     | 4 |  4.9
Dodging        | |  2.4
Stealth        | |  2.4
Spellcasting   | |  3.0
Conjurations   | |  1.1

Action                     || total
---------------------------++-------
  Melee: Unarmed           ||     7
         Dagger            ||     3
   Cast: Foxfire           ||    61
    Use: Scroll            ||     5
         Potion            ||     2
 Armour: Robe              ||    13
  Dodge: Dodged            ||    11
